 Dungeon Crawl Stone Soup version 0.31.0-32-g396128a36d (webtiles) character file.

Game seed: 18226731302194982185

308 riffraff the Shield-Bearer (level 6, 0/53 HPs)
             Began as a Gnoll Fighter on Apr 14, 2024.
             Frozen to death by an endoplasm (4 damage)
             ... on level 3 of the Dungeon.
             The game lasted 00:04:54 (3062 turns).

riffraff the Shield-Bearer (Gnoll Fighter)          Turns: 3062, Time: 00:04:54

Health: 0/53       AC:  8    Str: 18    XL:     6   Next: 40%
Magic:  9/9        EV: 11    Int:  7    God:
Gold:   244        SH:  5    Dex: 11    Spells: 9/9 levels left

rFire   + . .        o - +2 dagger (vamp)
rCold   . . .        c - +0 buckler
rNeg    . . .        g - +2 ring mail {rF+}
rPois   .            j - melded +2 helmet
rElec   .            (cloak currently unavailable)
rCorr   .            (gloves currently unavailable)
SInv    .            (boots currently unavailable)
Will    .....        (no amulet)
Stlth   +            (no ring)
HPRegen 0.28/turn    (no ring)
MPRegen 0.11/turn

%: no passive effects
@: about to teleport, beast-form
A: beast (slay +1), fangs 1, strong nose, distributed training
a: Begin Untransformation


You were on level 3 of the Dungeon.
You were a hulking beast.
You visited 1 branch of the dungeon, and saw 4 of its levels.

You collected 244 gold pieces.

Inventory:

Hand Weapons
 a - a +0 war axe of venom
 h - a +0 hand axe
 o - a +2 vampiric dagger (weapon)
Armour
 b - a +0 scale mail
 c - a +0 buckler (worn)
 g - a +2 ring mail of fire resistance (worn)
 j - a +2 helmet (melded)
 l - a +0 cloak
 w - a scarf of shadows
Jewellery
 s - a ring of ice
Talismans
 q - a talisman of death
 v - a beast talisman (active)
Wands
 d - a wand of roots (7)
Scrolls
 i - 2 scrolls of teleportation
 m - a scroll of revelation {unknown}
 p - a scroll of vulnerability {unknown}
 r - a scroll of enchant armour {unknown}
 t - 2 scrolls of identify {unknown}
 u - a scroll of immolation {unknown}
Potions
 n - a potion of brilliance


   Skills:
 + Level 6.8 Fighting
 + Level 2.0 Short Blades
 + Level 2.0 Long Blades
 + Level 5.0 Axes
 + Level 2.0 Maces & Flails
 + Level 2.0 Polearms
 + Level 2.0 Staves
 + Level 2.0 Ranged Weapons
 + Level 2.0 Throwing
 + Level 6.8 Armour
 + Level 2.0 Dodging
 + Level 2.0 Stealth
 + Level 6.8 Shields
 + Level 2.0 Unarmed Combat
 + Level 2.0 Spellcasting
 + Level 1.6 Conjurations
 + Level 1.6 Hexes
 + Level 1.6 Summonings
 + Level 1.6 Necromancy
 + Level 1.6 Translocations
 + Level 1.6 Fire Magic
 + Level 1.6 Ice Magic
 + Level 1.6 Air Magic
 + Level 1.6 Earth Magic
 + Level 1.6 Alchemy
 + Level 2.2 Invocations
 + Level 2.0 Evocations
 + Level 1.8 Shapeshifting


You had 9 spell levels left.
You didn't know any spells.
Your spell library contained the following spells:

 Spells                   Type           Power      Damage    Failure   Level
 Call Canine Familiar     Summ           2%         N/A       77%         3
 Sigil of Binding         Hex            2%         N/A       77%         3
 Dimensional Bullseye     Hex/Tloc       1%         N/A       99%         4


Dungeon Overview and Level Annotations

Branches:
Dungeon (4/15)
 Temple: D:4-7

Altars:
Trog


Innate Abilities, Weirdness & Mutations

You are a hulking beast.
Your limbs bulge with bestial killing power. (Slay +1)
You have very sharp teeth.
Your uncanny sense of smell can sniff out nearby items.
Your experience applies equally to all skills.


Message History

* * * LOW HITPOINT WARNING * * *
You hit the gnoll.
The gnoll is moderately wounded.
The endoplasm freezes you.
You are frozen.
* * * LOW HITPOINT WARNING * * *
You block the gnoll's attack.
The endoplasm attacks as it pursues you!
You block the endoplasm's attack.
You completely miss the endoplasm. The endoplasm hits you.
* * * LOW HITPOINT WARNING * * *
You hit the endoplasm.
The endoplasm is lightly wounded.
The endoplasm closely misses you.
You barely miss the endoplasm.
The endoplasm is lightly wounded.
The endoplasm hits you but does no damage.
You barely miss the endoplasm.
The endoplasm is lightly wounded.
The endoplasm barely misses you.
You barely miss the endoplasm.
The endoplasm is lightly wounded.
The endoplasm barely misses you.
You hit the endoplasm.
The endoplasm is severely wounded.
The endoplasm freezes you.
You are frozen.
* * * LOW HITPOINT WARNING * * *
Okay, then.
Okay, then.
As you read the scroll labelled GIYR ELOASEQOK, it crumbles to dust.
It is a scroll of brand weapon.
Your +0 war axe drips with poison.
a - a +0 war axe of venom You block the endoplasm's attack.
As you read the scroll labelled HOYTED CIPEEMO, it crumbles to dust.
You feel strangely unstable.
It was a scroll of teleportation.
The endoplasm freezes you.
You are frozen.
You die...

########### #.# ..........# #.#
#########.###.# # #..........###
## # #....#.###...# #.
####....#.###.#.########### #.
..........................# #.
...........##.##################.
####....#..##.gJh.....# #.....'.
#########..##..##..#### #.#####.
.<.....##..#.........# #.# ##
.#####.##..#...##.#..#####.# .#
#.##..#...##........#.###### .#
#.##..#...##.##..##.#.......
.#####.##..#...#......##.#..#####
...............#..###.##.#..#####
.......).........................


You could see a gnoll and an endoplasm.

Vanquished Creatures
  An orc priest (D:3)
  A jelly (D:4)
  An iguana (D:4)
  3 orc wizards
  Robin (D:4)
  5 adders
  3 dart slugs
  2 ribbon worms (D:3)
  4 orcs
  7 endoplasms
  3 giant cockroaches
  16 goblins
  8 hobgoblins
  4 jackals (D:1)
  A quokka (D:4)
  8 ball pythons
  A bat (D:1)
  3 frilled lizards
  6 kobolds
  11 rats
89 creatures vanquished.

Notes
Turn   | Place    | Note
-------+----------+-------------------------------------------
     0 | D:1      | riffraff the Gnoll Fighter began the quest for the Orb.
     0 | D:1      | Reached XP level 1. HP: 23/23 MP: 1/1
   110 | D:1      | Reached XP level 2. HP: 29/29 MP: 2/2
   717 | D:1      | Reached XP level 3. HP: 35/35 MP: 3/3
   927 | D:2      | Reached skill level 1 in Invocations
  1173 | D:2      | Reached skill level 1 in Short Blades
  1173 | D:2      | Reached skill level 1 in Long Blades
  1173 | D:2      | Reached skill level 1 in Maces & Flails
  1173 | D:2      | Reached skill level 1 in Polearms
  1173 | D:2      | Reached skill level 1 in Staves
  1173 | D:2      | Reached skill level 1 in Ranged Weapons
  1173 | D:2      | Reached skill level 1 in Throwing
  1173 | D:2      | Reached skill level 1 in Dodging
  1173 | D:2      | Reached skill level 1 in Stealth
  1173 | D:2      | Reached skill level 1 in Unarmed Combat
  1173 | D:2      | Reached skill level 1 in Spellcasting
  1173 | D:2      | Reached skill level 1 in Evocations
  1775 | D:3      | Found a bloodstained altar of Trog.
  1784 | D:3      | Reached skill level 1 in Shapeshifting
  1784 | D:3      | Reached XP level 4. HP: 31/41 MP: 5/5
  1868 | D:3      | Reached skill level 1 in Conjurations
  1868 | D:3      | Reached skill level 1 in Hexes
  1868 | D:3      | Reached skill level 1 in Summonings
  1868 | D:3      | Reached skill level 1 in Necromancy
  1868 | D:3      | Reached skill level 1 in Translocations
  1868 | D:3      | Reached skill level 1 in Fire Magic
  1868 | D:3      | Reached skill level 1 in Ice Magic
  1868 | D:3      | Reached skill level 1 in Air Magic
  1868 | D:3      | Reached skill level 1 in Earth Magic
  1868 | D:3      | Reached skill level 1 in Alchemy
  1879 | D:3      | Reached XP level 5. HP: 20/47 MP: 5/7
  2197 | D:3      | Found a faded altar of an unknown god.
  2671 | D:4      | Noticed Robin
  2708 | D:4      | Killed Robin
  2908 | D:4      | Reached XP level 6. HP: 53/53 MP: 8/8
  2923 | D:4      | Reached skill level 5 in Axes
  3062 | D:3      | Frozen to death by an endoplasm

Illustrated notes

Levels and vault maps discovered:
D:1:      dpeg_arrival_arbitrary_b, layout_basic, minmay_misc_feat_rows
D:2:      layout_loops_corners, minmay_rat_gold_closets
D:3:      layout_basic, mainiacjoe_overflow_boulevard,
          shapermc_ecumenical_altar_totnotflames
D:4:      layout_loops_ring, cheibrodos_sewer_entry_bend, uniq_robin

Skill      XL: |  1  2  3  4  5  6 |
---------------+-------------------+-----
Invocations    | 1 2 |  2.2
Short Blades   | 1 2 |  2.0
Long Blades    | 1 2 |  2.0
Maces & Flails | 1 2 |  2.0
Polearms       | 1 2 |  2.0
Staves         | 1 2 |  2.0
Ranged Weapons | 1 2 |  2.0
Throwing       | 1 2 |  2.0
Dodging        | 1 2 |  2.0
Stealth        | 1 2 |  2.0
Unarmed Combat | 1 2 |  2.0
Spellcasting   | 1 2 |  2.0
Evocations     | 1 2 |  2.0
Shapeshifting  | 1 |  1.8
Conjurations   | 1 |  1.6
Hexes          | 1 |  1.6
Summonings     | 1 |  1.6
Necromancy     | 1 |  1.6
Translocations | 1 |  1.6
Fire Magic     | 1 |  1.6
Ice Magic      | 1 |  1.6
Air Magic      | 1 |  1.6
Earth Magic    | 1 |  1.6
Alchemy        | 1 |  1.6
Axes           | 5 |  5.0
Fighting       | |  6.8
Armour         | |  6.8
Shields        | |  6.8

Action                     |  1- 3 |  4- 6 || total
---------------------------+-------+-------++-------
  Melee: War axe           |    37 |       ||    37
         Bite              |     8 |    17 ||    25
         Hand axe          |    47 |       ||    47
         Dagger            |    46 |   178 ||   224
    Use: Potion            |       |     5 ||     5
         Scroll            |       |     2 ||     2
   Stab: Sleeping          |       |     1 ||     1
 Armour: Scale mail        |    17 |       ||    17
         Ring mail         |    54 |   116 ||   170
  Dodge: Dodged            |    48 |    76 ||   124
  Block: Buckler           |    35 |    45 ||    80
   Form: Beast             |       |     1 ||     1
